 Dungeon Sprint DCSS version 0.31.0-12-g77e489cdc1 (webtiles) character file.

Game seed: 3374434867024953609

8078 nightchill the Impassioned (level 11, -2/99 (102) HPs)
             Began as a Minotaur Fighter on Feb 18, 2024.
             Was a Follower of Uskayaw.
             Slain by a merfolk impaler
             ... wielding a +5 demon trident of draining
              (12 damage)
             ... in the Dungeon (Sprint V: "Ziggurat Sprint").
             The game lasted 00:10:28 (799 turns).

nightchill the Impassioned (Minotaur Fighter)        Turns: 799, Time: 00:10:28

HP:   -2/99 (102)   AC: 22    Str: 37    XL:     11   Next: 5%
MP:   22/22         EV:  0    Int:  5    God:    Uskayaw [*.....]
Gold: 0             SH: 29    Dex: 10    Spells: 10/10 levels left

rFire   + . .        H - +11 Screaming Sword {sonic wave}
rCold   + . .        G - +18 shield of the Gong {Loud rN+ Will+ rCorr EV-5}
rNeg    + . .        k - +9 gold dragon scales
rPois   +            (helmet restricted)
rElec   .            (no cloak)
rCorr   +            (no gloves)
SInv    .            (no boots)
Will    +....        (no amulet) Stlth
                     B - +6 ring of strength
HPRegen 0.36/turn    C - +6 ring of strength
MPRegen 0.18/turn

%: no teleportation
@: lightly drained
A: horns 2, retaliatory headbutt, frail 1
a: Renounce Religion, Stomp


You were in the Dungeon.
You worshipped Uskayaw.
Uskayaw was most pleased with you.
You visited 1 branch

Inventory:

Hand Weapons
 H - the +11 Screaming Sword (weapon) {sonic wave}
   (You found it in the Dungeon)
Armour
 k - +9 gold dragon scales (worn)
 G - the +18 shield of the Gong (worn) {Loud rN+ Will+ rCorr EV-5}
   (You found it in the Dungeon)

   Loud:      It is deafeningly noisy when blocking attacks.
   EV-5:      It affects your evasion (-5).
   rN+:       It protects you from negative energy.
   Will+:     It increases your willpower.
   rCorr:     It protects you from acid and corrosion.
Jewellery
 b - a ring of see invisible
 B - a +6 ring of strength (left hand)
 C - a +6 ring of strength (right hand)
 I - a ring of resist corrosion
 J - a ring of protection from fire
Talismans
 D - a blade talisman
Wands
 t - a wand of charming (10)
 u - a wand of mindburst (29)
 v - a wand of quicksilver (19)
 E - a wand of polymorph (4)
Scrolls
 j - 4 scrolls of blinking
 m - 4 scrolls of amnesia
 n - 7 scrolls of fog
 o - 5 scrolls of identify
 p - 2 scrolls of fear
Potions
 d - 6 potions of might
 e - 9 potions of curing
 f - 10 potions of heal wounds
 g - 6 potions of haste
 h - 7 potions of magic
 i - 3 potions of berserk rage
 q - 2 potions of brilliance
 r - 2 potions of invisibility
 s - 4 potions of resistance
Miscellaneous
 a - a phantom mirror


   Skills:
 + Level 16.1 Fighting
 - Level 16.0 Long Blades
 - Level 2.4 Axes
 - Level 3.6 Armour
 + Level 12.6 Shields
 * Level 16.5 Invocations


You had 10 spell levels left.
You didn't know any spells.
Your spell library contained the following spells:

 Spells                   Type           Power      Damage    Failure   Level
 Foxfire                  Conj/Fire      0%         2x1d4     100%        1
 Kiss of Death            Conj/Necr      0%         2d5       100%        1
 Blink                    Tloc           0%         N/A       100%        2
 Call Imp                 Summ           0%         N/A       100%        2
 Confusing Touch          Hex            0%         N/A       100%        3
 Fugue of the Fallen      Necr           0%         N/A       100%        3
 Ozocubu's Armour         Ice            0%         N/A       100%        3
 Summon Ice Beast         Ice/Summ       0%         N/A       100%        3
 Animate Armour           Summ/Erth      0%         N/A       100%        4
 Cause Fear               Hex            0%         N/A       100%        4
 Dispel Undead            Necr           0%         3d6       100%        4
 Manifold Assault         Tloc           0%         N/A       100%        4
 Olgreb's Toxic Radiance  Alch           0%         N/A       100%        4
 Summon Blazeheart Golem  Fire/Summ      0%         N/A       100%        4
 Iskenderun's Battlesphe  Conj           0%         2d6       100%        5
 Summon Forest            Summ/Tloc      0%         N/A       100%        5
 Bombard                  Conj/Erth      0%         9d1       100%        6
 Conjure Ball Lightning   Conj/Air       0%         3x3d6     100%        6
 Plasma Beam              Fire/Air       0%         2x1d10    100%        6
 Sculpt Simulacrum        Ice/Alch       0%         N/A       100%        6
 Starburst                Conj/Fire      0%         6d3       100%        6
 Haunt                    Necr/Summ      0%         N/A       100%        7
 Orb of Destruction       Conj           0%         9d5       100%        7
 Ozocubu's Refrigeration  Ice            0%         4d7       100%        7
 Spellforged Servitor     Conj/Summ      0%         N/A       100%        7
 Borgnjor's Revivificati  Necr           0%         N/A       100%        8
 Discord                  Hex            0%         N/A       100%        8
 Disjunction              Tloc           0%         N/A       100%        8
 Death's Door             Necr           0%         N/A       100%        9
 Polar Vortex             Ice            0%         N/A       100%        9


Dungeon Overview and Level Annotations

Branches:
Dungeon (1/1)

Altars:
Ashenzari
Cheibriados
Dithmenos
Elyvilon
Fedhas
Gozag
Hepliaklqana
Kikubaaqudgha
Makhleb
Nemelex Xobeh
Okawaru
Qazlal
Ru
Sif Muna
Trog
Uskayaw
Vehumet
Wu Jian
Xom
Yredelemnul
Zin
The Shining One
Jiyva
Lugonu

Annotations:
D 1 transporter


Innate Abilities, Weirdness & Mutations

You have a pair of horns on your head.
You reflexively headbutt those who attack you in melee.
You are frail. (-10% HP)


Message History

You block the manticore's attack.
GONNNNG!
You block the manticore's attack.
GONNNNG!
The merfolk aquamancer hits you with a +1 rapier of holy wrath.
The merfolk javelineer hits you but does no damage.
The sea snake bites you but does no damage.
The snapping turtle bites you from afar!!
* * * LOW HITPOINT WARNING * * *
The merfolk impaler hits you from afar with a +5 demon trident of draining!
* * * LOW HITPOINT WARNING * * *
You partially resist.
You feel drained.
* * * LOW HITPOINT WARNING * * *
You slice the sea snake!!
The Screaming Sword exclaims, "STABBITY STAB STAB STAB!"
You send a blast of sound all around you.
The merfolk aquamancer is moderately wounded.
The merfolk javelineer is moderately wounded.
The snapping turtle is moderately wounded.
The merfolk impaler is moderately wounded.
The sea snake is almost dead.
The manticore is moderately wounded.
The manticore is severely wounded.
The merfolk javelineer is moderately wounded.
The sea snake is almost dead.
You block the merfolk javelineer's attack.
BONNNG!
You block the manticore's attack.
PANG!
You block the manticore's attack.
PANG!
The manticore claws you.
* * * LOW HITPOINT WARNING * * *
The manticore bites you!
* * * LOW HITPOINT WARNING * * *
The manticore claws you but does no damage. x2
The merfolk aquamancer hits you with a +1 rapier of holy wrath!
* * * LOW HITPOINT WARNING * * *
The merfolk impaler hits you from afar with a +5 demon trident of draining!
You die...

▓...8©8.~~▓...8©8...▓...
▓~.~%?[|[.▓....)....▓..)
▓..|)%:/.~▓...|:)[..▓...
▓~~.~...~.▓.........▓...
▓.........▓.....†...▓...
▓..~~~~.m~▓....†....▓...
▓~...mm~t~▓...†††...▓...
▓..▓~mS▓m.▓.........▓.▓)
▓~▓~.~H@▓.▓.........▓...
▓.~~.©H...▓....©....▓▓▓▓
▓▓▓▓▓▓▓▓▓▓▓▓▓▓▓▓▓▓▓▓▓


You could see 2 merfolk impalers, 2 merfolk javelineers, a sea snake, a merfolk
aquamancer, a snapping turtle and 2 manticores.

Vanquished Creatures
  A death yak (D)
  2 shining eyes (D)
  An ugly thing (D)
  A cane toad (shapeshifter) (D)
  3 toenail golems (D)
  A black mamba (D)
  A naga mage (D)
  A cane toad (D)
  A gargoyle (D)
  A dream sheep (D)
  2 slime creatures (D)
  2 jumping spiders (D)
  A wyvern (D)
  A spriggan (D)
  A yak (D)
  2 golden eyes (D)
  2 neqoxecs (D)
  A hell hound (D)
  5 water moccasins (D)
  2 black bears (D)
  3 wolves (D)
  A bullfrog (shapeshifter) (D)
  A bullfrog (D)
  3 scorpions (D)
  5 earth elementals (D)
  2 wights (D)
  A killer bee (shapeshifter) (D)
  A crimson imp (D)
  4 jellies (D)
  A hell rat (D)
  2 adders (D)
  A shadow imp (D)
  An adder zombie (D)
  An adder skeleton (D)
  3 bat zombies (D)
  An endoplasm (D)
  A jackal zombie (D)
64 creatures vanquished.

Notes
Turn   | Place    | Note
-------+----------+-------------------------------------------
     0 | D        | nightchill the Minotaur Fighter began the quest for the
                  | Orb.
     0 | D        | Reached XP level 1. HP: 19/19 MP: 0/0
     3 | D        | Found a blossoming altar of Fedhas.
     3 | D        | Found the +6 Majin-Bo {spellvamp, MP+6 Int+6}
     3 | D        | Found the +27 heavy crossbow "Sniper" {heavy, Acc+∞ SInv}
     3 | D        | Found the +10 dark maul {heavy}
     3 | D        | Found the +15 Maxwell's patent armour {-Cast -Tele rElec
                  | Will+ rCorr}
     3 | D        | Found the +18 shield of the Gong {Loud rN+ Will+ rCorr
                  | EV-5}
     3 | D        | Found the +16 obsidian axe {drain, demonic, Mesm ^Drain Fly
                  | SInv}
     3 | D        | Found the +7 great mace "Firestarter" {flame, immolate,
                  | rFlCloud rF++}
     3 | D        | Found the +6 shillelagh "Devastator" {shatter}
     3 | D        | Found the +11 plutonium sword {^Contam Stlth-}
     3 | D        | Found the +8 lance "Wyrmbane" {slay drac, rPois rF+ rC+
                  | AC+3}
     3 | D        | Found the +9 sword of Zonguldrok {reap}
     3 | D        | Found the +13 scythe of Curses {drain, curses, ^Drain}
     3 | D        | Found the +9 sword of Power {lifebolt}
     3 | D        | Found the +7 mace of Variability {chaos, chaos arc}
     3 | D        | Found the +11 Singing Sword {sonic wave}
     3 | D        | Found the +8 storm bow {elec, penet}
     4 | D        | Found a viscous altar of Jiyva.
     4 | D        | Found a hazy altar of Hepliaklqana.
     4 | D        | Found a transporter.
     4 | D        | Found an opulent altar of Gozag.
     4 | D        | Found an ancient bone altar of Kikubaaqudgha.
     4 | D        | Found a corrupted altar of Lugonu.
    17 | D        | Found a burning altar of Makhleb.
    18 | D        | Found a sacrificial altar of Ru.
    18 | D        | Found a shimmering blue altar of Sif Muna.
    18 | D        | Found a stormy altar of Qazlal.
    18 | D        | Found a bloodstained altar of Trog.
    18 | D        | Found an iron altar of Okawaru.
    18 | D        | Found a sparkling altar of Nemelex Xobeh.
    69 | D        | Reached XP level 2. HP: 26/26 MP: 1/1
    83 | D        | Became a worshipper of Uskayaw the Reveller
   101 | D        | Entered arena 2.
   101 | D        | Noticed a black bear
   101 | D        | Noticed a black bear
   101 | D        | Found a transporter.
   104 | D        | Reached * piety under Uskayaw
   105 | D        | Killed a black bear
   105 | D        | Reached ** piety under Uskayaw
   106 | D        | Reached skill level 5 in Fighting
   106 | D        | Reached skill level 10 in Long Blades
   106 | D        | Reached XP level 3. HP: 36/36 MP: 1/4
   106 | D        | Reached XP level 4. HP: 42/42 MP: 1/5
   107 | D        | Killed a black bear
   108 | D        | Reached XP level 5. HP: 51/51 MP: 1/7
   169 | D        | Entered arena 3.
   169 | D        | Found a transporter.
   174 | D        | Reached skill level 5 in Invocations
   185 | D        | Entered arena 4.
   185 | D        | Noticed a wolf
   185 | D        | Noticed a spriggan
   185 | D        | Noticed a wolf
   185 | D        | Noticed a wolf
   185 | D        | Found a transporter.
   187 | D        | Killed a wolf
   187 | D        | Killed a wolf
   187 | D        | Killed a wolf
   188 | D        | Reached XP level 6. HP: 62/62 MP: 7/9
   188 | D        | Killed a spriggan
   189 | D        | Reached XP level 7. HP: 70/70 MP: 7/11
   222 | D        | Entered arena 5.
   222 | D        | Found a transporter.
   230 | D        | Reached *** piety under Uskayaw
   231 | D        | Reached skill level 15 in Long Blades
   335 | D        | Got the Incunabulum of Unstable Ice
   343 | D        | Entered arena 6.
   343 | D        | Noticed a jumping spider
   343 | D        | Noticed a jumping spider
   343 | D        | Found a transporter.
   345 | D        | Killed a jumping spider
   346 | D        | Reached skill level 10 in Fighting
   347 | D        | Reached XP level 8. HP: 80/80 MP: 11/13
   348 | D        | Killed a jumping spider
   375 | D        | Entered arena 7.
   375 | D        | Noticed a white ugly thing
   375 | D        | Noticed a cane toad
   376 | D        | Found a transporter.
   379 | D        | Killed a cane toad
   380 | D        | Reached skill level 5 in Shields
   380 | D        | Reached skill level 10 in Invocations
   383 | D        | Reached **** piety under Uskayaw
   384 | D        | Reached ***** piety under Uskayaw
   385 | D        | Reached XP level 9. HP: 76/91 MP: 8/16
   385 | D        | Killed a white ugly thing
   390 | D        | Got the Meditations on Guile
   428 | D        | Entered arena 8.
   428 | D        | Noticed a naga mage
   429 | D        | Found a transporter.
   437 | D        | Killed a naga mage
   631 | D        | Entered arena 9.
   632 | D        | Found a transporter.
   664 | D        | Entered arena 10.
   664 | D        | Noticed a shining eye
   664 | D        | Noticed a shining eye
   665 | D        | Found a transporter.
   671 | D        | Gained mutation: You are frail. (-10% HP) [a shining eye]
   673 | D        | Killed a shining eye
   673 | D        | Killed a shining eye
   674 | D        | Reached skill level 10 in Shields
   674 | D        | Reached XP level 10. HP: 93/93 MP: 17/19
   701 | D        | Entered arena 11.
   701 | D        | Found the +18 Lear's hauberk
   701 | D        | Noticed a toenail golem
   701 | D        | Noticed a gargoyle
   701 | D        | Noticed a toenail golem
   701 | D        | Noticed a toenail golem
   702 | D        | Found a transporter.
   707 | D        | Killed a gargoyle
   708 | D        | Killed a toenail golem
   710 | D        | Killed a toenail golem
   711 | D        | Reached skill level 15 in Fighting
   711 | D        | Killed a toenail golem
   712 | D        | Reached skill level 15 in Invocations
   717 | D        | Reached ****** piety under Uskayaw
   730 | D        | Got Sif Muna's Almanac of Calling
   746 | D        | Entered arena 12.
   746 | D        | Noticed a black mamba
   747 | D        | Noticed a death yak
   747 | D        | Noticed a cane toad
   748 | D        | Found a transporter.
   752 | D        | Killed a black mamba
   755 | D        | Killed a cane toad
   757 | D        | Killed a death yak
   758 | D        | Reached XP level 11. HP: 102/102 MP: 20/22
   776 | D        | Got the Atlas of Cold and the Pyromaniac
   790 | D        | Entered arena 13.
   790 | D        | Noticed a merfolk impaler
   790 | D        | Noticed a merfolk javelineer
   790 | D        | Noticed a sea snake
   790 | D        | Noticed a merfolk impaler
   790 | D        | Noticed a merfolk javelineer
   791 | D        | Noticed a merfolk aquamancer
   791 | D        | Noticed a merfolk impaler
   791 | D        | Found the +3 crown of Dyrovepreva {rElec Int+2 SInv}
   792 | D        | Found a transporter.
   799 | D        | Slain by a merfolk impaler

Illustrated notes

Levels and vault maps discovered:
D:        sprint_v [room_start, room_1, room_2, room_3, room_4, room_5, room_6,
          room_7, room_8, room_9, room_10, room_11, room_12, room_13, room_14,
          room_15, room_16, room_17, room_18, room_19, room_20, room_21,
          room_22, room_23, room_24, room_25, room_26, room_27]

Skill      XL: |  1  2  3  4  5  6  7  8  9 10 |
---------------+-------------------------------+-----
Long Blades    | 8 10 11 14 15 16 | 16.0
Fighting       | 5 6 8 9 10 12 14 16 | 16.1
Invocations    | 3 4 6 7 8 10 14 16 | 16.5
Shields        | 6 10 12 | 12.6
Axes           | |  2.4
Armour         | |  3.6

Action                     |  1- 3 |  4- 6 |  7- 9 | 10-12 || total
---------------------------+-------+-------+-------+-------++-------
  Melee: Double sword      |     3 |     6 |    41 |    31 ||    81
         Headbutt          |       |     1 |     5 |     3 ||     9
    Use: Potion            |     1 |       |     1 |       ||     2
         Scroll            |       |       |     4 |       ||     4
   Stab: Paralysed         |       |       |     5 |     4 ||     9
 Armour: Gold dragon scale |     9 |     2 |    13 |    22 ||    46
  Block: Kite shield       |    12 |     9 |    50 |    35 ||   106
